 Dungeon Crawl Stone Soup version 0.21.0-3-g78d12a8 (webtiles) character file.

11293 nuthulu the Blocker (level 11, -1/62 HPs)
             Began as a Gargoyle Fighter on Jan 9, 2018.
             Was a High Priest of Okawaru.
             Killed from afar by an efreet (11 damage)
             ... with a fireball
             ... on level 10 of the Dungeon.
             The game lasted 00:23:47 (9304 turns).

nuthulu the Blocker (Gargoyle Fighter)              Turns: 9304, Time: 00:23:48

Health: -1/62      AC: 28    Str: 25    XL:     11   Next: 75%
Magic:  11/11      EV:  8    Int: 10    God:    Okawaru [*****.]
Gold:   557        SH: 20    Dex: 12    Spells: 10/10 levels left

rFire    + . .     SeeInvis .   u - +8 whip "Snakebite" {curare, rPois}
rCold    x . .     Gourm    .   c - +1 shield
rNeg     + . .     Faith    .   o - +0 plate armour
rPois    ∞         Spirit   .   E - +0 helmet
rElec    +         Reflect  +   (no cloak)
rCorr    .         Harm     .   x - +0 pair of gloves
MR       .....                  L - +0 pair of boots
Stlth    ..........             g - +5 amulet of reflection
HPRegen  0.20/turn              q - +6 ring of strength
MPRegen  0.12/turn              M - ring of fire

@: no status effects
A: negative energy resistance 1, electricity resistance, unbreathing,
petrification resistance, rot immunity, AC +8
a: Heroism, Finesse, Renounce Religion


You were on level 10 of the Dungeon.
You worshipped Okawaru.
Okawaru was extremely pleased with you.
You were not hungry.

You visited 2 branches of the dungeon, and saw 11 of its levels.

You collected 557 gold pieces.

Inventory:

Hand Weapons
 a - a +0 flail of crushing
 t - a +1 flail of protection
 u - the +8 whip "Snakebite" (weapon) {curare, rPois}
   (You found it on level 6 of the Dungeon)

   It poisons the flesh of those it strikes.
   It protects you from poison.
Missiles
 y - a throwing net (quivered)
Armour
 b - a +0 scale mail
 c - a +1 shield (worn)
 o - a +0 plate armour (worn)
 x - a +0 pair of gloves (worn)
 E - a +0 helmet (worn)
 L - a +0 pair of boots (worn)
Jewellery
 g - a +5 amulet of reflection (around neck)
 h - an uncursed ring of positive energy
 i - a +3 ring of protection
 m - an uncursed ring of see invisible
 n - an uncursed amulet of guardian spirit
 q - a +6 ring of strength (left hand)
 M - a ring of fire (right hand)
Wands
 d - a wand of random effects (59)
 B - a wand of flame (25)
 D - a wand of acid (8)
 F - a wand of paralysis (7)
 G - a wand of digging (12)
 N - a wand of polymorph (11)
Scrolls
 p - a scroll of remove curse
 s - 4 scrolls of teleportation
 v - 4 scrolls of amnesia
 z - 2 scrolls of magic mapping
 I - 2 scrolls of blinking
 J - a scroll of identify
Potions
 e - a potion of invisibility
 j - a potion of flight
 k - 3 potions of brilliance
 l - 2 potions of curing
 r - 2 potions of might
 w - a potion of cancellation
 A - 2 potions of magic
 C - 2 potions of haste
 H - a potion of lignification
Comestibles
 f - 14 rations
 K - 9 chunks of flesh


   Skills:
 - Level 4.9 Fighting
 - Level 5.3 Maces & Flails
 * Level 12.6 Armour
 - Level 0.7 Dodging
 - Level 0.2 Stealth
 + Level 14.0 Shields


You had 10 spell levels left.
You didn't know any spells.

Dungeon Overview and Level Annotations

Branches:
Dungeon (10/15)            Temple (1/1) D:5
   Lair: D:8-11         Orc: D:9-12

Altars:
Ashenzari
Cheibriados
Dithmenos
Elyvilon
Fedhas
Gozag
Hepliaklqana
Kikubaaqudgha
Makhleb
Nemelex Xobeh
Okawaru
Qazlal
Ru
Sif Muna
Trog
Uskayaw
Vehumet
Wu Jian
Xom
Yredelemnul
Zin
The Shining One

Shops:
D:6 ?


Innate Abilities, Weirdness & Mutations

You are resistant to torment.
Your stone body is resilient. (AC +8)
You are immune to poison.
You resist negative energy. (rN+)
You are resistant to electric shocks. (rElec)
You can survive without breathing.
You are immune to petrification.
You are immune to rotting.


Message History

You remove your +3 ring of protection.
The efreet gestures at you.
The fireball explodes!
The fireball engulfs you!
* * * LOW HITPOINT WARNING * * *
The fireball engulfs the efreet.
The efreet completely resists.
You feel more attuned to fire.
M - a ring of fire (right hand)
You hit the efreet.
The efreet is poisoned.
The efreet is lightly wounded.
You block the efreet's attack.
You completely miss the efreet.
The efreet is lightly wounded.
You block the efreet's attack.
You completely miss the efreet.
The efreet is lightly wounded.
You hit the efreet but do no damage.
The efreet is lightly wounded.
The efreet gestures at you.
The fireball explodes!
The fireball engulfs you! You resist.
You die...

.. #. #.# ..#
#..## ###...####
## #....R...+ .
#..@.# #....#.# #
#....#.# #
#....#.# #
#..###.### #+# #
#..###.#.## #.# #
#.........## #.#
#
##.###.....###.##
# #.......#...##
#


You could see an efreet.

Vanquished Creatures
  The ghost of Amaterasu the Archer, a journeyman CeAM of Okawaru (D:10)
  3 two-headed ogres
  An unseen horror (D:10)
  A deep elf mage (D:10)
  Maurice (D:10)
  Joseph (D:8)
  A komodo dragon (D:10)
  3 hippogriffs
  A wraith (D:9)
  Sigmund (D:4)
  5 yaks (D:10)
  A wyvern (D:8)
  Eustachio (D:6)
  Grum (D:8)
  Edmund (D:6)
  Duvessa (D:7)
  A soldier ant (D:10)
  An orc warrior (D:3)
  3 black bears
  3 ice beasts
  A sky beast (D:10)
  5 ogres
  2 phantoms
  3 centaurs
  2 wolves (D:8)
  A big kobold (shapeshifter) (D:10)
  A crocodile (D:6)
  Blork the orc (D:4)
  3 bullfrogs
  Dowan (D:7)
  2 scorpions
  A killer bee (D:8)
  A wight (D:8)
  7 howler monkeys
  5 crimson imps
  A centaur zombie (D:8)
  A quasit (D:10)
  3 hounds
  2 centaur skeletons
  2 gnoll shamans (D:7)
  3 jellies
  2 orc priests (D:10)
  5 orc wizards
  A bullfrog skeleton (D:10)
  2 iguanas (D:4)
  4 worker ants
  A centaur simulacrum (D:9)
  3 hound skeletons
  A howler monkey zombie (D:9)
  8 adders
  11 gnolls
  A shadow imp (D:10)
  An adder skeleton (D:4)
  4 worms
  4 dart slugs
  9 leopard geckos
  28 orcs
  4 giant cockroaches
  8 goblins
  7 hobgoblins
  7 jackals
  6 kobolds
  4 quokkas
  3 ball pythons
  5 bats
  5 frilled lizards
  2 leopard gecko zombies
  A quokka zombie (D:2)
  7 rats
224 creatures vanquished.

Vanquished Creatures (others)
  A cyclops (D:10)
  The ghost of Ignatius881 the Destroyer, a novice DECj (D:5)
  3 centaurs
  A worker ant zombie (D:8)
  A butterfly (D:5)
7 creatures vanquished.

Grand Total: 231 creatures vanquished

Notes
Turn   | Place    | Note
-------+----------+-------------------------------------------
     0 | D:1      | nuthulu the Gargoyle Fighter began the quest for the Orb.
     0 | D:1      | Reached XP level 1. HP: 14/14 MP: 1/1
   117 | D:1      | Reached XP level 2. HP: 18/20 MP: 2/2
   498 | D:1      | Reached XP level 3. HP: 15/24 MP: 3/3
  1028 | D:2      | Reached XP level 4. HP: 26/30 MP: 4/4
  1334 | D:2      | Reached XP level 5. HP: 34/34 MP: 5/5
  1632 | D:3      | Found a faded altar of an unknown god.
  2290 | D:3      | Found a blossoming altar of Fedhas.
  2373 | D:4      | Noticed a phantom
  2375 | D:4      | Noticed an orc warrior
  2407 | D:3      | Killed an orc warrior
  2407 | D:3      | Reached skill level 5 in Maces & Flails
  2407 | D:3      | Reached XP level 6. HP: 17/40 MP: 6/6
  2753 | D:4      | Found a bloodstained altar of Trog.
  2802 | D:4      | Killed a phantom
  2890 | D:4      | Reached skill level 4 in Shields
  2935 | D:4      | Found a glowing golden altar of the Shining One.
  3138 | D:4      | Reached XP level 7. HP: 44/44 MP: 7/7
  3161 | D:4      | Noticed Sigmund
  3180 | D:4      | Killed Sigmund
  3180 | D:4      | Reached skill level 5 in Shields
  3289 | D:4      | Noticed Blork the orc
  3296 | D:4      | Killed Blork the orc
  3544 | D:5      | Entered Level 5 of the Dungeon
  3550 | D:5      | Killed Ignatius881's ghost
  3556 | D:5      | Reached skill level 5 in Armour
  3730 | D:5      | Reached skill level 6 in Shields
  3865 | D:5      | Reached XP level 8. HP: 48/48 MP: 8/8
  3993 | D:5      | Found a staircase to the Ecumenical Temple.
  4197 | D:5      | Found a sacrificial altar of Ru.
  4704 | Temple   | Entered the Ecumenical Temple
  4772 | Temple   | Became a worshipper of Warmaster Okawaru
  4883 | D:6      | Noticed Edmund
  4911 | D:6      | Killed Edmund
  4911 | D:6      | Reached skill level 7 in Shields
  5053 | D:6      | Found the +8 whip "Snakebite" {curare, rPois}
  5399 | D:6      | Found a glowing silver altar of Zin.
  5405 | D:6      | Found Asyaxt's Magic Scroll Shoppe.
  5409 | D:6      | Noticed Eustachio
  5436 | D:6      | Killed Eustachio
  5897 | D:7      | Reached skill level 8 in Shields
  5915 | D:7      | Reached * piety under Okawaru
  5941 | D:7      | Reached XP level 9. HP: 53/53 MP: 9/9
  6005 | D:7      | Found an opulent altar of Gozag.
  6005 | D:7      | Found a sparkling altar of Nemelex Xobeh.
  6064 | D:7      | Noticed Dowan
  6074 | D:7      | Noticed Duvessa
  6077 | D:7      | Killed Dowan
  6087 | D:7      | Killed Duvessa
  6087 | D:7      | Reached skill level 9 in Shields
  6161 | D:7      | Reached ** piety under Okawaru
  6581 | D:8      | Found a radiant altar of Vehumet.
  6584 | D:8      | Noticed a two-headed ogre
  6587 | D:8      | Noticed Joseph
  6774 | D:7      | Killed a two-headed ogre
  6774 | D:7      | Reached skill level 10 in Shields
  6889 | D:8      | Killed Joseph
  6889 | D:8      | Reached XP level 10. HP: 58/58 MP: 10/10
  7024 | D:8      | Noticed a two-headed ogre
  7046 | D:8      | Killed a two-headed ogre
  7046 | D:8      | Reached *** piety under Okawaru
  7046 | D:8      | Reached skill level 10 in Armour
  7046 | D:8      | Reached skill level 11 in Shields
  7048 | D:8      | Noticed a two-headed ogre
  7057 | D:8      | Killed a two-headed ogre
  7057 | D:8      | Reached **** piety under Okawaru
  7304 | D:8      | Reached skill level 12 in Shields
  7395 | D:8      | Noticed Grum
  7399 | D:8      | Killed Grum
  7899 | D:9      | Found an ancient bone altar of Kikubaaqudgha.
  8175 | D:9      | Found a transporter.
  8179 | D:9      | Found a transporter.
  8182 | D:9      | Found a blossoming altar of Fedhas.
  8225 | D:9      | Reached ***** piety under Okawaru
  8232 | D:9      | Reached XP level 11. HP: 54/62 MP: 11/11
  8555 | D:10     | Entered Level 10 of the Dungeon
  8562 | D:10     | Found a blossoming altar of Fedhas.
  8602 | D:10     | Reached skill level 13 in Shields
  8603 | D:10     | Noticed Amaterasu's ghost (journeyman CeAM)
  8631 | D:10     | Killed Amaterasu's ghost
  8655 | D:10     | Found a stormy altar of Qazlal.
  8655 | D:10     | Found an iron altar of Okawaru.
  8655 | D:10     | Found a snail-covered altar of Cheibriados.
  8893 | D:10     | Noticed a cyclops
  8896 | D:10     | Killed a cyclops
  8959 | D:10     | Noticed a deep elf mage
  8963 | D:10     | Killed a deep elf mage
  8963 | D:10     | Received a gift from Okawaru
  8986 | D:10     | Got an ancient lead ring
  8987 | D:10     | Identified the cursed ring "Esoahim" {rElec Int+3 Dex-2 Slay-4} (You took it off a centaur on level 10 of the Dungeon)
  9010 | D:10     | Noticed an unseen horror
  9015 | D:10     | Killed an unseen horror
  9245 | D:10     | Noticed Maurice
  9265 | D:10     | Killed Maurice
  9268 | D:10     | Reached skill level 14 in Shields
  9304 | D:10     | Killed from afar by an efreet

Skill      XL: |  1  2  3  4  5  6  7  8  9 10 11 |
---------------+----------------------------------+-----
Fighting       | 4 |  4.9
Maces & Flails | 3 5 |  5.3
Shields        | 4 6 8 10 12 14 | 14.0
Armour         | 4 5 7 9 11 12 | 12.6
Dodging        | |  0.7
Stealth        | |  0.2

Action                   |  1- 3 |  4- 6 |  7- 9 | 10-12 || total
-------------------------+-------+-------+-------+-------++-------
Melee: Flail             |   147 |   187 |   177 |       ||   511
       Whip              |       |       |   126 |   294 ||   420
  Use: Scroll            |     4 |     2 |    10 |     7 ||    23
       Potion            |       |     2 |     1 |     1 ||     4
  Eat: Chunk             |     1 |     6 |    12 |     9 ||    28
Armor: Scale mail        |    83 |    46 |       |       ||   129
       Plate armour      |       |    41 |   129 |    99 ||   269
Dodge: Dodged            |    49 |    25 |    35 |    35 ||   144
Block: Shield            |    87 |   109 |   242 |   224 ||   662
       Reflection        |       |       |    19 |    11 ||    30
